 Dungeon Crawl Stone Soup version 0.27-a0-695-gb4952372f7 (webtiles) character file.

Game seed: 2285281055371672252

2425 pokeman the Thaumaturge (level 9, -1/48 HPs)
             Began as a Deep Elf Hedge Wizard on Mar 21, 2021.
             Was a Priest of Vehumet.
             Shot with a sling bullet by Joseph (15 damage)
             ... on level 8 of the Dungeon.
             The game lasted 00:34:25 (11600 turns).

pokeman the Thaumaturge (Deep Elf Hedge Wizard)    Turns: 11600, Time: 00:34:26

Health: -1/48      AC:  7    Str:  7    XL:     9   Next: 24%
Magic:  1/26       EV: 12    Int: 23    God:    Vehumet [***...]
Gold:   505        SH:  0    Dex: 14    Spells: 17/30 levels left

rFire    . . .     SeeInvis .   x - staff of conjuration
rCold    + . .     Faith    .   (no shield)
rNeg     . . .     Spirit   .   L - +1 leather armour {rC+}
rPois    .         Reflect  .   a - +0 helmet
rElec    .         Harm     .   I - +0 cloak
rCorr    .         Rampage  .   (no gloves)
Will     .....                  F - +0 pair of boots
Stlth    ++........             (no amulet)
HPRegen  0.16/turn              (no ring)
MPRegen  0.20/turn              (no ring)

@: marked
A: no striking features
a: Renounce Religion


You were on level 8 of the Dungeon.
You worshipped Vehumet.
Vehumet was most pleased with you.
You visited 2 branches of the dungeon, and saw 9 of its levels.
You also visited: Ossuary.

You collected 505 gold pieces.

Inventory:

Hand Weapons
 b - a +0 longbow
 c - a +4 spear of distortion
Missiles
 d - 50 bolts
 j - 123 arrows
Armour
 a - a +0 helmet (worn)
 i - a +0 buckler
 F - a +0 pair of boots (worn)
 I - a +0 cloak (worn)
 L - a +1 leather armour of cold resistance (worn)
Magical Staves
 x - a staff of conjuration (weapon)
Jewellery
 y - a ring of willpower
Wands
 u - a wand of iceblast (19)
 H - a wand of polymorph (13)
Scrolls
 f - 5 scrolls of teleportation {unknown}
 g - 7 scrolls of identify {unknown}
 h - a scroll of noise {unknown}
 l - 2 scrolls of random uselessness {unknown}
 m - 2 scrolls of fear {unknown}
 r - 2 scrolls of fog {unknown}
 s - 4 scrolls of enchant armour {unknown}
 w - a scroll of blinking {unknown}
 z - a scroll of magic mapping {unknown}
 A - 3 scrolls of enchant weapon {unknown}
 B - a scroll of brand weapon {unknown}
 C - a scroll of holy word {unknown}
 J - a scroll of amnesia {unknown}
 K - a scroll of silence {unknown}
Potions
 e - 3 potions of attraction {unknown}
 n - a potion of haste {unknown}
 o - 5 potions of heal wounds {unknown}
 p - 4 potions of curing {unknown}
 q - a potion of brilliance {unknown}
 t - 2 potions of mutation {unknown}
 v - 4 potions of degeneration {unknown}
 D - 2 potions of flight {unknown}
 E - a potion of lignification {unknown}
 G - a potion of cancellation {unknown}


   Skills:
 - Level 2.0 Fighting
 - Level 2.0 Armour
 - Level 3.0 Dodging
 - Level 3.0 Stealth
 + Level 2.8 Shields
 * Level 11.0 Spellcasting
 + Level 6.1 Conjurations
 - Level 1.1 Summonings
 - Level 1.1 Translocations
 + Level 5.1 Fire Magic
 - Level 1.0 Air Magic
 - Level 1.2 Poison Magic


You had 17 spell levels left.
You knew the following spells:

 Your Spells              Type           Power      Damage    Failure   Level
a - Magic Dart            Conj           100%       1d8       1%          1
b - Mephitic Cloud        Conj/Pois/Air  38%        N/A       1%          3
c - Call Imp              Summ           17%        N/A       7%          2
d - Blink                 Tloc           N/A        N/A       7%          2
e - Conjure Flame         Conj/Fire      55%        6-21      1%          3
f - Shock                 Conj/Air       100%       1d9       1%          1
g - Apportation           Tloc           34%        N/A       4%          1

Your spell library contained the following spells:

 Spells                   Type           Power      Damage    Failure   Level
 Searing Ray              Conj           100%       3d7       1%          2
 Summon Small Mammal      Summ           68%        N/A       4%          1
 Animate Skeleton         Necr           24%        N/A       8%          1
 Corona                   Hex            13%        N/A       8%          1
 Slow                     Hex            12%        N/A       11%         2
 Gell's Gravitas          Tloc           8%         N/A       14%         3
 Lesser Beckoning         Tloc           8%         N/A       14%         3
 Teleport Other           Tloc           17%        N/A       14%         3
 Manifold Assault         Tloc           17%        N/A       43%         4


Dungeon Overview and Level Annotations

Branches:
Dungeon (8/15)             Temple (1/1) D:4         Ossuary (visited)
   Lair: D:8-11

Altars:
Dithmenos
Fedhas
Gozag
Kikubaaqudgha
Makhleb
Okawaru
Qazlal
Sif Muna
Trog
Uskayaw
Vehumet
Wu Jian

Shops:
D:6 [

Portals:
Abyss: D:3

Annotations:
D:8 Harold, Joseph


Message History

Press: ? - help, Shift-Dir - straight line, f/p - Harold
Aim: Harold, wielding a +0 scimitar and wearing a +0 scale mail (severely wounded, confused)
The mass of ice explodes!
The iceblast engulfs Harold!!
Harold is almost dead.
The iceblast engulfs the iguana!
The iguana is almost dead.
The iguana is engulfed in noxious fumes.
The iguana appears confused.
Unknown command.
Unknown command.
Casting: Mephitic Cloud (safe; 1% risk of failure)
Confirm with . or Enter, or press ? or * to list all spells.
Aiming: Shock (safe; 1% risk of failure)
Press: ? - help, Shift-Dir - straight line, f/p - Harold
Aim: Harold, wielding a +0 scimitar and wearing a +0 scale mail (almost dead, confused, 2% to evade)
You feel a surge of power!
The zap hits Harold.
Harold is almost dead.
Unknown command.
Casting: Shock (safe; 1% risk of failure)
Confirm with . or Enter, or press ? or * to list all spells.
Aiming: Shock (safe; 1% risk of failure)
Press: ? - help, Shift-Dir - straight line, f/p - Harold
Aim: Harold, wielding a +0 scimitar and wearing a +0 scale mail (almost dead, confused, 2% to evade)
You feel a surge of power!
The zap hits the iguana.
You kill the iguana!
Vehumet accepts your kill.
You feel your power returning.
The zap hits Harold.
Harold is almost dead.
Joseph, a Mercenary comes into view.
He is wielding a +4 antimagic quarterstaff.
Casting: Shock (safe; 1% risk of failure)
Confirm with . or Enter, or press ? or * to list all spells.
Aiming: Shock (safe; 1% risk of failure)
Press: ? - help, Shift-Dir - straight line, f/p - Harold
Aim: Harold, wielding a +0 scimitar and wearing a +0 scale mail (almost dead, confused, 2% to evade)
You feel a surge of power!
The zap hits Harold but does no damage.
Harold is almost dead.
Joseph unwields a +4 antimagic quarterstaff.
Joseph wields a +0 hunting sling.
Joseph shoots a sling bullet.
The sling bullet hits you!
You die...

#......[.#...........#.#
#.......<..[.[[.@.......
###....#.......<..##....
#....##..##..[.........
#.........##..○.......##
#.........##@...........
#...........#....)...#..
##..........§..).....# .
###....#..@##.(.........
#...##..##........>...
#............##..
....<....##.#... .
....##(.... .#... ####.
............. ##.......
#.


You could see Harold (confused) and Joseph.

Vanquished Creatures
  A small abomination (D:3)
  A sky beast (D:7)
  An ice beast (D:5)
  2 ogres (D:6)
  2 phantoms
  3 centaurs
  A kobold brigand (D:8)
  3 bullfrogs
  A wyvern skeleton (D:7)
  2 howler monkeys
  A jelly (D:6)
  A quasit (D:5)
  A human zombie (Ossuary)
  A bullfrog zombie (D:6)
  2 orc priests
  4 hounds
  4 iguanas
  5 orc wizards
  3 worker ants
  2 hound zombies
  4 mummies (Ossuary)
  11 gnolls
  10 adders
  3 shadow imps
  3 white imps
  An ufetubus (D:5)
  An ooze (D:2)
  An adder zombie (Ossuary)
  2 worms
  3 dart slugs
  2 leopard geckos
  20 orcs
  6 giant cockroaches
  13 goblins
  7 hobgoblins
  10 jackals
  28 kobolds
  A quokka (D:2)
  9 bats
  3 frilled lizards
  3 hobgoblin zombies (Ossuary)
  2 jackal zombies (Ossuary)
  An orc zombie (Ossuary)
  A quokka skeleton (D:6)
  A quokka zombie (D:7)
  12 rats
  3 rat zombies
202 creatures vanquished.

Vanquished Creatures (collateral kills)
  The ghost of logorrheac the Magician, an amateur DEFE (D:3)
  An ogre (D:4)
  A scorpion (D:4)
  An iguana (D:3)
  A worker ant (D:4)
  2 orcs (D:3)
  A frilled lizard (D:3)
  A goblin zombie (Ossuary)
  A rat (D:3)
10 creatures vanquished.

Vanquished Creatures (others)
  21 plants (D:1)
21 creatures vanquished.

Grand Total: 233 creatures vanquished

Notes
Turn   | Place    | Note
-------+----------+-------------------------------------------
     0 | D:1      | pokeman the Deep Elf Hedge Wizard began the quest for the
                  | Orb.
     0 | D:1      | Reached XP level 1. HP: 10/10 MP: 7/7
   387 | D:1      | Reached XP level 2. HP: 15/15 MP: 5/9
  1057 | D:1      | Reached skill level 5 in Spellcasting
  1094 | D:1      | Reached XP level 3. HP: 19/20 MP: 3/11
  1901 | D:1      | Learned a level 3 spell: Mephitic Cloud
  1904 | D:1      | Learned a level 2 spell: Call Imp
  1907 | D:1      | Learned a level 2 spell: Blink
  1911 | D:1      | Learned a level 3 spell: Conjure Flame
  2209 | D:2      | Reached skill level 1 in Armour
  2331 | D:2      | Reached skill level 1 in Fighting
  2968 | D:2      | Reached XP level 4. HP: 19/25 MP: 4/13
  3827 | D:3      | Reached skill level 6 in Spellcasting
  3827 | D:3      | Reached XP level 5. HP: 25/29 MP: 7/15
  4087 | D:3      | Found a transporter.
  4088 | D:3      | Found an ancient bone altar of Kikubaaqudgha.
  4090 | D:3      | Found a bloodstained altar of Trog.
  4219 | D:3      | Reached skill level 1 in Shields
  4258 | D:3      | Reached skill level 1 in Fire Magic
  4609 | D:3      | Noticed a small abomination
  4635 | D:3      | Found a transporter.
  4645 | D:3      | Found a one-way gate to the infinite horrors of the Abyss.
  4645 | D:3      | Noticed logorrheac's ghost (amateur DEFE)
  5218 | D:4      | Noticed an ogre
  5259 | D:4      | Killed an ogre
  5260 | D:4      | Reached XP level 6. HP: 34/34 MP: 2/17
  5276 | D:4      | Reached skill level 1 in Air Magic
  5452 | D:4      | Found a staircase to the Ecumenical Temple.
  5459 | Temple   | Entered the Ecumenical Temple
  5488 | Temple   | Became a worshipper of Vehumet
  5846 | D:4      | Reached skill level 7 in Spellcasting
  5846 | D:4      | Reached skill level 1 in Poison Magic
  6334 | D:4      | Found a stormy altar of Qazlal.
  6551 | D:5      | Entered Level 5 of the Dungeon
  6580 | D:5      | Reached XP level 7. HP: 38/38 MP: 13/20
  6861 | D:5      | Reached skill level 8 in Spellcasting
  7183 | D:5      | Learned a level 1 spell: Apportation
  7203 | D:5      | Reached * piety under Vehumet
  7203 | D:5      | Offered knowledge of Sandblast by Vehumet.
  8181 | D:3      | Killed a small abomination
  8182 | D:3      | Reached XP level 8. HP: 15/44 MP: 3/22
  8279 | D:3      | Killed logorrheac's ghost
  8280 | D:3      | Reached skill level 9 in Spellcasting
  8711 | D:6      | Found a shimmering blue altar of Sif Muna.
  8892 | D:6      | Found a shadowy altar of Dithmenos.
  8892 | D:6      | Found an iron altar of Okawaru.
  8898 | D:6      | Found a burning altar of Makhleb.
  9071 | D:6      | Reached skill level 5 in Conjurations
  9153 | D:6      | Found Zais Ifov's Antique Armour Shop.
  9198 | D:6      | Found an ornate altar of the Wu Jian Council.
  9483 | D:6      | Found an ornate altar of the Wu Jian Council.
  9561 | D:7      | Found a sand-covered staircase.
  9573 | Ossuary  | Entered an ossuary
  9586 | Ossuary  | Reached skill level 10 in Spellcasting
  9615 | Ossuary  | Offered knowledge of Shock by Vehumet.
  9618 | Ossuary  | Learned a level 1 spell: Shock
 10148 | D:7      | Reached ** piety under Vehumet
 10664 | D:7      | Reached XP level 9. HP: 48/48 MP: 18/25
 10890 | D:7      | Found an opulent altar of Gozag.
 11132 | D:8      | Offered knowledge of Searing Ray by Vehumet.
 11309 | D:8      | Reached skill level 5 in Fire Magic
 11335 | D:8      | Noticed Harold
 11347 | D:8      | Reached *** piety under Vehumet
 11348 | D:8      | Reached skill level 11 in Spellcasting
 11599 | D:8      | Noticed Joseph
 11600 | D:8      | Shot with a sling bullet by Joseph

Illustrated notes

Levels and vault maps discovered:
D:1:      saegor_arrival_miasma, layout_basic, serial_forest,
          infiniplex_forest_clump_large, infiniplex_forest_straight_5,
          infiniplex_forest_straight_5, infiniplex_forest_clump_diagonal,
          infiniplex_forest_straight_1, infiniplex_forest_end_3,
          infiniplex_forest_clump_tiny, lexackson_kobold_supper
D:2:      layout_loops_cross
D:3:      layout_rooms, chequers_temple_overflow_statue_of_worship,
          gammafunk_ghost_abyssal_escape, minmay_divided_ellipse
D:4:      layout_cave_pods, old_standard_altar, temple_green
D:5:      layout_basic
D:6:      layout_loops_ring, nzn_wu_jian_contemplation,
          gammafunk_temple_overflow_claw, serial_shops, kennysheep_mini_moat,
          basic_altar, led_sif_pool
D:7:      layout_rooms, nicolae_gozag_cash_rules_everything_around_me,
          enter_ossuary_4, amcnicky_mini_pool_small, minmay_starry_boxes
D:8:      layout_cave_pools, chequers_temple_overflow_minitemple, serial_shops,
          shop, uniq_psyche, uniq_joseph, uniq_harold, uniq_grum
Temple:   dpeg_chambers_temple

Skill      XL: |  1  2  3  4  5  6  7  8  9 |
---------------+----------------------------+-----
Spellcasting   | 5 6 7 8 10 11 | 11.0
Armour         | 1 2 |  2.0
Conjurations   | 2 3 4 5 6 |  6.1
Fighting       | 1 2 |  2.0
Dodging        | 3 |  3.0
Shields        | 1 2 |  2.8
Fire Magic     | 1 3 4 5 |  5.1
Stealth        | 3 |  3.0
Air Magic      | 1 |  1.0
Poison Magic   | 1 |  1.2
Summonings     | |  1.1
Translocations | |  1.1

Action                   |  1- 3 |  4- 6 |  7- 9 || total
-------------------------+-------+-------+-------++-------
Melee: Dagger            |    32 |    34 |     4 ||    70
       Whip              |       |       |     7 ||     7
       Staff             |       |       |    34 ||    34
 Cast: Magic Dart        |   128 |   135 |   138 ||   401
       Mephitic Cloud    |       |     9 |    23 ||    32
       Conjure Flame     |       |     2 |    13 ||    15
       Call Imp          |       |    11 |    11 ||    22
       Blink             |       |       |     8 ||     8
       Shock             |       |       |   131 ||   131
Evoke: Wand              |       |       |     3 ||     3
 Stab: Confused          |       |     2 |     4 ||     6
Armor: Robe              |     8 |       |       ||     8
       Leather armour    |       |     5 |    28 ||    33
Dodge: Dodged            |    46 |    38 |    95 ||   179

Table legend: (Time is in decaauts)
 A = Elapsed time spent in this place.
 B = Non-inter-level travel time spent in this place.
 C = Inter-level travel time spent in this place.
 D = Time resting spent in this place.
 E = Time spent auto-exploring this place.
 F = Levels seen in this place.
 G = Mean time per level.
                   A        B        C        D        E       F      G
               +--------+--------+--------+--------+--------+-----+--------+
         Total |  11612 |  11217 |    395 |    621 |   8851 |  10 | 1161.2 |
       Dungeon |  11083 |  10695 |    388 |    554 |   8492 |   8 | 1385.4 |
        Temple |     37 |     30 |      7 |      0 |     19 |   1 |   37.0 |
       Ossuary |    490 |    490 |      0 |     67 |    340 |   1 |  490.0 |
               +--------+--------+--------+--------+--------+-----+--------+

Top non-repeatable levels by time:
     D:1: 2130 daAuts
     D:3: 2069 daAuts
     D:4: 1510 daAuts
     D:5: 1502 daAuts
     D:2: 1317 daAuts
     D:7: 1286 daAuts
     D:6: 984 daAuts
 Ossuary: 490 daAuts
     D:8: 283 daAuts
  Temple: 37 daAuts
